Map: Ascension to Aiur LE

Players

INnoVation - Winner!

  • Race: Terran Terran
  • Spawn Location: 5:00

GuMiho

  • Race: Terran Terran
  • Spawn Location: 11:00

Event: 2017 WCS Global Finals

VOD

Have the link to the VOD?

Description

Time

  • Played on: Oct. 29, 2017, 1:54 p.m.
  • Length: 13:27

All games in this series

Show
View Real Time Build Order
Export as new Build Order

INnoVation Terran - Winner!

Build Orders: Reaper Expand, Bio Tank 

Get SALT Encoding   

  12  0:00  SCV  
  13  0:12  SCV  
  14  0:17  Supply Depot  
  14  0:24  SCV  
  15  0:38  SCV  
  15  0:40  Barracks  
  16  0:43  Refinery  
  16  0:50  SCV  
  17  1:02  SCV  
  18  1:14  SCV  
  19  1:27  Orbital Command  
  19  1:28  Reaper  
  20  1:39  Command Center  
  20  1:49  Supply Depot  
  20  1:53  SCV  
  21  1:59  Marine  
  22  2:03  Factory  
  22  2:06  SCV  
  23  2:11  Refinery  
  23  2:19  SCV  
  23  2:20  Barracks Reactor  
  24  2:31  SCV  
  25  2:43  SCV  
  26  2:47  Starport, Hellion  
  28  2:51  Orbital Command  
  28  2:55  SCV  
  28  2:56  Marine  
  28  2:57  Marine  
  31  3:07  SCV  
  31  3:08  Cyclone  
  35  3:14  Marine x2  
  35  3:17  SCV  
  35  3:19  SCV  
  39  3:23  Supply Depot  
  39  3:26  Viking  
  41  3:31  SCV  
  41  3:32  SCV  
  43  3:34  Marine x2  
  43  3:40  Supply Depot  
  45  3:43  SCV  
  45  3:44  Factory Tech Lab  
  45  3:45  SCV  
  47  3:55  SCV  
  47  3:57  SCV  
  47  3:58  Barracks Tech Lab  
  49  4:03  Barracks, Siege Tank  
  49  4:07  Starport Reactor  
  49  4:09  Barracks  
  52  4:10  SCV x2  
  54  4:18  Stimpack, Engineering Bay  
  54  4:23  Refinery, SCV  
  54  4:24  SCV, Marine  
  57  4:35  SCV  
  57  4:36  SCV  
  59  4:42  Marine  
  60  4:46  Terran Infantry Weapons Level 1  
  60  4:48  SCV x2  
  62  4:54  Supply Depot  
  62  4:58  Supply Depot  
  62  4:59  Starport Reactor  
  62  5:01  SCV x2, Marine x3  
  62  5:03  Marine x2  
  69  5:13  SCV  
  70  5:16  SCV, Siege Tank  
  70  5:19  Supply Depot  
  70  5:20  Marine  
  70  5:21  Marine x4  
  78  5:35  Medivac x2, Command Center  
  78  5:41  Refinery, Supply Depot  
  80  5:46  Marine  
  80  5:47  Marine x4  
  85  5:51  Supply Depot  
  85  5:55  Siege Tank  
  88  6:04  Marine x2  
  88  6:05  Marine x3  
  88  6:11  Medivac x2  
  97  6:13  SCV  
  97  6:15  SCV  
  99  6:18  Supply Depot  
  99  6:21  Combat Shields  
  99  6:30  Marine x3  
  99  6:31  Marine x2  
  104  6:34  Siege Tank  
  99  6:41  Terran Infantry Armor Level 1  
  99  6:45  Barracks  
  99  6:48  Barracks  
  99  6:51  SCV x2  
  99  6:53  Marine x4  
  99  6:54  Marine  
  106  6:59  Medivac x2  
  110  7:03  SCV  
  110  7:08  SCV  
  112  7:10  Missile Turret  
  112  7:14  Orbital Command  
  112  7:17  Armory  
  112  7:18  SCV  
  112  7:20  Engineering Bay  
  113  7:28  Marine x5  
  117  7:30  SCV x2  
  117  7:36  Siege Tank  
  122  7:40  SCV  
  122  7:41  Barracks Reactor x2  
  122  7:42  SCV x2  
  124  7:48  Marine x5  
  128  7:55  SCV x3  
  128  7:57  Supply Depot  
  131  7:59  Supply Depot  
  131  8:05  Marine  
  131  8:06  Marine  
  133  8:14  Terran Infantry Weapons Level 2  
  133  8:16  Supply Depot  
  133  8:17  Refinery x2  
  133  8:18  Siege Tank, Marine x3  
  133  8:19  SCV x2  
  141  8:21  SCV  
  141  8:22  Marine  
  141  8:23  Marine  
  141  8:24  Sensor Tower  
  144  8:27  Marine x4  
  144  8:34  SCV  
  149  8:35  Supply Depot  
  149  8:37  Marine x3  
  149  8:38  SCV x2  
  149  8:41  Medivac  
  156  8:47  Supply Depot, Terran Infantry Armor Level 2  
  156  8:48  Supply Depot  
  156  8:57  Medivac, Siege Tank  
  156  9:02  Supply Depot x2  
  160  9:03  Marine x5  
  160  9:09  Marine  
  158  9:16  Medivac  
  157  9:26  Command Center  
  157  9:34  Siege Tank  
  157  9:37  Terran Vehicle Weapons Level 1  
  159  9:38  Viking  
  159  9:40  Marine  
  159  9:41  Marine x7  
  169  9:46  Viking  
  169  9:48  Factory  
  171  9:53  Barracks Reactor  
  171  9:58  Marine x4  
  171  9:59  SCV  
  177  10:00  SCV x2  
  178  10:08  Viking  
  178  10:09  Siege Tank  
  183  10:16  Viking  
  183  10:17  Sensor Tower  
  179  10:22  Marine x2  
  154  10:32  Marine  
  154  10:33  Marine x5  
  159  10:37  Siege Tank  
  159  10:40  Terran Infantry Weapons Level 3  
  159  10:42  Liberator x2, Siege Tank  
  164  10:46  Planetary Fortress  
  160  10:55  SCV x3  
  156  11:07  SCV x3  
  156  11:11  Siege Tank  
  159  11:14  Marine  
  159  11:15  Marine  
  161  11:22  Marine x3  
  161  11:23  Siege Tank, Marine x5  
  171  11:26  Barracks  
  171  11:27  Barracks, Missile Turret  
  170  11:39  Marine  
  170  11:40  Marine x5  
  170  11:42  Command Center, Viking  
  170  11:43  Viking  
  170  11:46  Marine x4  
  184  11:49  Refinery  
  184  11:55  Siege Tank  
  184  11:57  Marine  
  184  11:58  Marine x5  
  189  12:02  Sensor Tower  
  189  12:04  Marine x3  
  189  12:11  Marine  
  189  12:13  SCV  
  189  12:14  SCV x2  
  189  12:15  Barracks Reactor, Marine x2  
  170  12:16  Barracks Reactor, Marine x4  
  170  12:22  Marine x2  
  168  12:26  SCV x3  
  168  12:33  Medivac x2  
  168  12:35  Marine x2  
  174  12:38  Sensor Tower, SCV x3  
  174  12:40  Marine x8  
  170  12:54  Siege Tank  
  170  12:55  Marine  
  170  12:56  Marine x5  
  170  12:57  Marine  
  174  13:08  Marine  
  174  13:09  Marine x4  
Show
View Real Time Build Order
Export as new Build Order

GuMiho Terran 

Build Orders: Cyclone Opening, Bio Tank 

Get SALT Encoding   

  12  0:00  SCV  
  13  0:12  SCV  
  14  0:17  Supply Depot  
  14  0:24  SCV  
  15  0:38  Barracks, SCV  
  16  0:43  Refinery  
  16  0:50  SCV  
  17  1:02  SCV  
  18  1:14  SCV  
  20  1:25  Reaper  
  20  1:26  Orbital Command  
  20  1:40  Command Center  
  20  1:48  Supply Depot  
  20  1:52  SCV  
  21  1:57  Marine  
  22  2:04  SCV  
  22  2:06  Factory  
  23  2:15  Marine  
  24  2:16  SCV  
  24  2:21  Barracks  
  25  2:28  Refinery, SCV  
  26  2:33  Marine  
  27  2:40  SCV  
  28  2:49  Cyclone  
  31  2:51  Orbital Command  
  31  2:52  SCV  
  31  2:54  Barracks Reactor  
  32  3:05  SCV  
  33  3:08  Barracks Tech Lab  
  33  3:14  Engineering Bay  
  33  3:17  SCV  
  33  3:18  SCV  
  35  3:27  Stimpack, Marine  
  35  3:30  Marine x2  
  35  3:31  SCV x2  
  35  3:34  Supply Depot  
  40  3:41  Terran Infantry Weapons Level 1  
  40  3:45  Marine  
  40  3:46  SCV x2  
  40  3:48  Marine x2  
  45  3:58  SCV x2  
  45  4:01  Starport  
  47  4:03  Marine  
  47  4:04  Factory Reactor  
  47  4:07  Supply Depot, Marine x2  
  50  4:10  SCV  
  50  4:11  SCV  
  50  4:13  Supply Depot  
  52  4:20  Refinery  
  52  4:21  Refinery, Marine  
  52  4:23  SCV  
  54  4:28  SCV, Marine x2  
  54  4:29  Supply Depot  
  57  4:35  SCV  
  58  4:40  SCV  
  58  4:45  Medivac x2  
  62  4:46  Marine  
  62  4:47  Marine  
  62  4:48  Marine  
  62  4:49  SCV  
  62  4:50  Factory Tech Lab  
  67  4:52  SCV  
  67  4:53  Supply Depot  
  67  5:02  SCV  
  67  5:05  SCV, Marine x3  
  72  5:14  Supply Depot, SCV, Siege Tank  
  76  5:17  Medivac x2, SCV  
  81  5:23  Marine x2  
  81  5:26  SCV  
  81  5:28  Supply Depot, Marine  
  85  5:29  SCV  
  85  5:30  Combat Shields  
  86  5:37  Supply Depot  
  86  5:38  Terran Infantry Armor Level 1  
  86  5:41  Marine x2  
  88  5:44  Liberator  
  88  5:46  Siege Tank, Marine  
  92  5:55  Command Center  
  95  6:06  Viking  
  95  6:07  Supply Depot  
  95  6:08  SCV x2  
  95  6:11  Marine x2  
  99  6:12  Marine  
  102  6:19  Supply Depot  
  102  6:29  Marine x2  
  102  6:35  Barracks, Siege Tank  
  102  6:37  Barracks  
  102  6:38  Barracks  
  102  6:39  Marine  
  104  6:45  Medivac x2  
  104  6:46  Marine  
  109  6:49  SCV  
  109  6:50  SCV  
  111  6:55  Marine  
  111  6:57  Marine  
  112  7:01  Armory  
  112  7:02  Missile Turret  
  112  7:04  Engineering Bay  
  112  7:06  SCV x2  
  114  7:11  Orbital Command  
  114  7:17  Siege Tank  
  114  7:19  SCV x2  
  119  7:25  Marine x2  
  119  7:26  Barracks Reactor x3  
  119  7:28  Marine  
  121  7:31  SCV x2  
  119  7:38  SCV  
  119  7:43  SCV  
  121  7:55  Siege Tank, Marine  
  121  7:56  Terran Infantry Weapons Level 2  
  121  7:57  Terran Infantry Armor Level 2  
  124  8:05  Viking  
  126  8:11  Marine  
  126  8:13  Marine x2  
  126  8:14  Marine x6  
  126  8:18  Supply Depot, SCV x3  
  137  8:20  Supply Depot x2, Terran Vehicle Weapons Level 1  
  137  8:28  Siege Tank  
  137  8:29  Supply Depot, Marine  
  141  8:36  Refinery x2  
  141  8:40  SCV x2, Marine x6  
  149  8:41  SCV, Marine x2  
  149  8:45  Supply Depot  
  149  8:47  Marine  
  153  8:49  Supply Depot  
  153  8:50  Sensor Tower, Supply Depot  
  153  8:52  Supply Depot  
  153  8:53  Missile Turret  
  153  8:56  Command Center  
  153  8:57  Marine x6  
  153  8:59  Marine x2  
  153  9:01  Medivac  
  163  9:04  Medivac  
  163  9:06  Siege Tank  
  152  9:15  Marine x4  
  154  9:21  Marine x2  
  142  9:24  Marine  
  142  9:25  Marine x2  
  144  9:32  Marine  
  144  9:33  Factory, Marine x3  
  151  9:38  Marine, Siege Tank  
  151  9:39  Marine  
  151  9:42  Marine x2  
  151  9:43  Marine  
  156  9:50  Marine  
  156  9:51  Marine x3  
  156  9:52  Medivac x2  
  164  9:56  Marine x2  
  166  10:00  Marine x3  
  169  10:08  Marine  
  169  10:09  Planetary Fortress, Marine x3  
  173  10:14  Marine x2  
  173  10:15  Barracks  
  173  10:16  Barracks  
  173  10:17  Terran Infantry Weapons Level 3  
  160  10:30  Marine x5  
  160  10:32  Terran Infantry Armor Level 3  
  165  10:36  Terran Vehicle Weapons Level 2  
  165  10:39  Marine  
  165  10:40  Marine  
  165  10:41  Marine  
  165  10:42  Marine  
  169  10:48  Marine x4  
  169  10:49  Marine  
  167  10:57  Marine x2  
  167  10:58  Factory Tech Lab  
  167  10:59  Siege Tank, Marine x2  
  162  11:05  Marine  
  162  11:06  Marine x2  
  165  11:12  Marine x2  
  165  11:15  Marine x2  
  165  11:16  Marine  
  165  11:17  Marine  
  170  11:23  Marine x2, Siege Tank  
  170  11:24  Medivac, Marine  
  170  11:25  Barracks Reactor x2  
  178  11:30  Marine x2  
  178  11:31  Siege Tank  
  182  11:33  Marine x2  
  182  11:34  Marine  
  182  11:35  Marine  
  185  11:41  Marine x2  
  185  11:42  Marine  
  188  11:48  Marine x2  
  188  11:51  Marine x2  
  188  11:53  Command Center  
  192  11:59  Marine x4  
  188  12:01  Marine x2  
  188  12:03  Marine  
  188  12:04  Marine x2  
  188  12:06  Marine  
  148  12:18  Marine x3  
  148  12:19  Marine x2  
  148  12:20  Marine x2  
  148  12:21  Marine  
  148  12:22  Marine x2  
  124  12:24  Marine  
  124  12:25  Marine x2  
  122  12:36  Marine x2  
  124  12:38  Marine x2  
  124  12:39  Marine x2  
  124  12:41  Marine x2  
  128  12:44  Marine  
  128  12:49  Marine  
  112  12:52  Marine  
  112  12:53  Marine  
  112  12:54  Marine x2  
  112  12:56  Orbital Command, Marine  
  109  12:59  Marine  
  109  13:02  Marine  
  111  13:07  Marine  
  111  13:08  Marine x2  
Tags
 
Add a new tag
Caveats
  • Supply blocks, unpowered buildings, or Contaminate may cause inaccurate times.
  • Supply counts are checked every 10 seconds.